 Dungeon Crawl Stone Soup version 0.30-a0-305-g026cb31310 (webtiles) character file.

Game seed: 857000568550916869

188134 whatisthis the Brawler (level 17, -24/267 HPs)
             Began as a Troll Fighter on Oct 16, 2022.
             Was a High Priest of Okawaru.
             Annihilated by a naga
             ... wielding a +0 halberd
              (30 damage)
             ... on level 4 of the Snake Pit on Oct 21, 2022.
             The game lasted 04:45:36 (30453 turns).

whatisthis the Brawler (Troll Fighter)             Turns: 30453, Time: 04:45:38

Health: -24/267    AC: 31    Str: 34    XL:     17   Next: 46%
Magic:  21/21      EV: -2    Int:  4    God:    Okawaru [*****.]
Gold:   572        SH:  0    Dex:  9    Spells: 16/16 levels left

rFire   + . .      SeeInvis .      - Unarmed
rCold   . . .      Faith    .    B - +3 kite shield {AC+3}
rNeg    . . .      Spirit   .    (body armour currently unavailable)
rPois   +          Reflect  .    (helmet currently unavailable)
rElec   .          Harm     .    (cloak currently unavailable)
rCorr   .          Rampage  .    (gloves unavailable)
Will    ++...      NoTele   +    (boots unavailable)
Stlth   +.........               R - amulet of regeneration
HPRegen 2.24/turn                l - ring of willpower
MPRegen 0.17/turn                j - ring of protection from fire

@: confused, lethally poisoned (-24 -> -24), tree-form, heroic, finesse-ful,
ambrosia-drunk, constricted, studying Unarmed Combat
A: stationary, stasis, torment immunity, boosted hp, large, unfitting armour,
(claws 3), regeneration 1, (shaggy fur 1), (tough skin 1)
}: 1/15 runes: decaying
a: Renounce Religion, Heroism, Finesse, Duel


You were on level 4 of the Snake Pit.
You worshipped Okawaru.
Okawaru was extremely pleased with you.
You were a tree.
You visited 6 branches of the dungeon, and saw 31 of its levels.

You collected 2978 gold pieces.
You spent 2406 gold pieces at shops.

Inventory:

Missiles
 a - 18 large rocks (quivered)
 f - 234 stones
 F - 2 silver javelins
 O - 8 javelins
 W - a boomerang
Armour
 h - the quicksilver dragon scales of the Tired Prophets {Will+ rCorr Str+3}
   (Okawaru gifted it to you on level 12 of the Dungeon)

   Str:       It affects your strength (+3).
   rCorr:     It protects you from acid and corrosion.
   Will:      It increases your willpower.
 n - a +2 hat (melded)
 w - a +2 cloak of stealth (melded)
 B - a +3 kite shield of protection (worn)
 Y - +0 swamp dragon scales (melded)
Jewellery
 j - a ring of protection from fire (right branch)
 l - a ring of willpower (left branch)
 C - a +4 ring of slaying
 D - a ring of positive energy
 H - a ring of protection from fire
 Q - a ring of willpower
 R - an amulet of regeneration (around neck)
 U - a ring of positive energy
Wands
 o - a wand of flame (55)
 x - a wand of polymorph (12)
 A - a wand of light (16)
 E - a wand of roots (33)
 M - a wand of mindburst (25)
Scrolls
 k - 5 scrolls of teleportation
 p - a scroll of enchant weapon
 r - 2 scrolls of fear
 s - 3 scrolls of vulnerability
 v - 2 scrolls of silence
 y - 6 scrolls of poison
 I - 6 scrolls of magic mapping
 P - 2 scrolls of summoning
 S - 3 scrolls of immolation
 T - 2 scrolls of butterflies {unknown}
 X - a scroll of torment {unknown}
Potions
 c - 3 potions of might
 d - a potion of ambrosia
 e - 8 potions of lignification
 g - 4 potions of berserk rage
 i - 4 potions of mutation
 m - 5 potions of brilliance
 q - 5 potions of attraction
 t - 9 potions of curing
 u - 3 potions of haste
 z - 4 potions of flight
 G - a potion of resistance
 K - 4 potions of invisibility
 L - a potion of magic {unknown}
 N - 2 potions of degeneration {unknown}
 V - 2 potions of cancellation {unknown}


   Skills:
 + Level 13.5(18.5) Fighting
 + Level 7.8(12.8) Throwing
 - Level 13.0(18.0) Dodging
 - Level 16.4(21.4) Shields
 + Level 17.4(22.4) Unarmed Combat
 - Level 7.5 Invocations


You had 16 spell levels left.
You didn't know any spells.
Your spell library contained the following spells:

 Spells                   Type           Power      Damage    Failure   Level
 Apportation              Tloc           0%         N/A       56%         1
 Beastly Appendage        Tmut           0%         N/A       56%         1
 Foxfire                  Conj/Fire      0%         2x1d4     56%         1
 Necrotise                Necr           0%         1d4       56%         1
 Slow                     Hex            0%         N/A       56%         1
 Cigotuvi's Dreadful Rot  Necr/Pois/Air  0%         N/A       71%         2
 Poisonous Vapours        Pois/Air       0%         N/A       71%         2
 Sublimation of Blood     Necr           0%         N/A       71%         2
 Wereblood                Tmut           0%         N/A       71%         2
 Confusing Touch          Hex            0%         N/A       90%         3
 Kindle Blastsparks       Fire/Tloc/Air  0%         2d10      90%         3
 Mephitic Cloud           Conj/Pois/Air  0%         N/A       90%         3
 Ozocubu's Armour         Ice            0%         N/A       90%         3
 Spider Form              Tmut/Pois      0%         N/A       90%         3
 Vampiric Draining        Necr           0%         2d6       90%         3
 Anguish                  Hex/Necr       0%         N/A       100%        4
 Dispel Undead            Necr           0%         3d6       100%        4
 Fulminant Prism          Conj/Hex       0%         3d6       100%        4
 Iskenderun's Mystic Bla  Conj/Tloc      0%         2d3       100%        4
 Fireball                 Conj/Fire      0%         3d3       100%        5
 Iskenderun's Battlesphe  Conj           0%         2d6       100%        5
 Lee's Rapid Deconstruct  Erth           0%         3d4*      100%        5
 Metabolic Englaciation   Hex/Ice        0%         N/A       100%        5
 Iron Shot                Conj/Erth      0%         9d1       100%        6
 Starburst                Conj/Fire      0%         6d3       100%        6
 Enfeeble                 Hex            0%         N/A       100%        7
 Storm Form               Tmut/Air       0%         N/A       100%        7
 Maxwell's Capacitive Co  Air            0%         ∞         100%        8
 Summon Small Mammal      Summ           Unusable   N/A       N/A         1
 Summon Lightning Spire   Summ/Air       Unusable   N/A       N/A         4
 Death Channel            Necr           Unusable   N/A       N/A         6
 Simulacrum               Ice/Necr       Unusable   N/A       N/A         6
 Spellforged Servitor     Conj/Summ      Unusable   N/A       N/A         7
 Summon Hydra             Summ           Unusable   N/A       N/A         7

Dungeon Overview and Level Annotations

Branches:
Dungeon (15/15)            Temple (1/1) D:7            Lair (5/5) D:8
  Swamp (4/4) Lair:3        Snake (4/4) Lair:2        Slime (0/5) Lair:5
    Orc (2/2) D:10            Elf (0/3) Orc:2        Vaults (0/5) D:14
 Depths (0/4) D:15

Altars:
Ashenzari
Dithmenos
Elyvilon
Gozag
Kikubaaqudgha
Makhleb
Nemelex Xobeh
Okawaru
Qazlal
Sif Muna
Trog
Wu Jian
Xom
Yredelemnul

Shops:
D:5 (   D:7 *   D:15 *   Orc:1 :   Orc:2 **(?[   Snake:2 [[

Portals:
Trove: D:13 (give +2 shadow dragon scales)

Annotations:
D:15 exclusion: door
Temple 2 transporters
Swamp:1 1 runed translucent door, Feimod's ghost, adept SpEn; Roxanne
Swamp:3 1 runed translucent door, Efairey's ghost, adept DsGl


Innate Abilities, Weirdness & Mutations

You are a tree.
Your roots penetrate the ground, keeping you stationary.
You cannot be teleported.
You are immune to unholy pain and torment.
Your maximum health is greatly increased.
Your equipment is partially melded.
You are too large for most types of armour.
((You have claws for hands.))
Your natural rate of healing is unusually fast.
((You are covered in fur. (AC +1)))
((You have tough skin. (AC +1)))


Message History

* * * LOW HITPOINT WARNING * * *
The naga barely misses you.
Unknown command.
You thrash the naga sharpshooter!!!
The naga sharpshooter is almost dead.
The naga warrior hits you with a +1 vorpal dire flail!
* * * LOW HITPOINT WARNING * * *
x2 You block the naga warrior's attack.
The naga sharpshooter shoots an arrow.
You block the arrow.
Unknown command.
You hit the naga sharpshooter.
You kill the naga sharpshooter!
Okawaru accepts your kill.
Unknown command.
You are confused.
You feel invigorated. The naga hits you with a +0 halberd!
* * * LOW HITPOINT WARNING * * *
The naga grabs you. The naga constricts you.
The naga warrior spits poison at you.
The splash of poison hits you but does no damage.
You are lethally poisoned!
You resist.
You cannot move. (Use ctrl+direction or * direction to attack while stationary and confused.)
You cannot move. (Use ctrl+direction or * direction to attack while stationary and confused.)
You feel sick. The naga spits poison at you.
The splash of poison hits you but does no damage.
You are more poisoned.
You resist. The naga constricts you.
The guardian serpent hits you but does no damage.
The naga warrior hits you but does no damage.
You feel sick.
The guardian serpent hits you but does no damage.
The naga hits you but does no damage. The naga constricts you.
The naga warrior hits you with a +1 vorpal dire flail!
* * * LOW HITPOINT WARNING * * *
x2 The guardian serpent hits you but does no damage.
Unknown command.
You feel sick. The naga hits you with a +0 halberd!!
You die...

#.#''†#####
#......# #......#
##.....# #.N...#
##....# #'''##
#SN.# ########
#♣###
##......########N#
......(.......##.#
.................#
..............####
.........######
#......###
########


You could see a naga warrior, a guardian serpent and 2 nagas.

Vanquished Creatures
  Nikola (Swamp:1)
  Jorgrun (Orc:1)
  A tentacled monstrosity (Swamp:3)
  Gastronok (D:10)
  Donald (Swamp:1)
  Kirke (D:15)
  2 nagarajas (Snake:3)
  Louise (Swamp:4)
  4 eleionomae
  Snorg (D:13)
  Josephine (Orc:1)
  4 shambling mangroves
  A vault guard (D:14)
  A ghost crab (Swamp:2)
  An ice dragon (Swamp:3)
  2 rakshasas (D:15)
  6 centaur warriors
  15 hydras
  5 anacondas
  2 salamander tyrants
  2 two-headed ogres (D:10)
  6 alligators
  12 naga warriors
  3 boulder beetles
  6 spriggan berserkers
  5 naga sharpshooters
  4 orc high priests
  6 shock serpents
  Sonja (Lair:5)
  2 tengu warriors
  Urug (Orc:1)
  4 skeletal warriors (D:11)
  A fire crab (Lair:5)
  3 salamander mystics (Snake:2)
  6 goliath frogs
  Lodul (D:13)
  3 naga ritualists
  5 bog bodies
  A glowing orange brain (shapeshifter) (D:13)
  8 swamp dragons (Swamp:4)
  A spriggan druid (Swamp:2)
  A wizard (D:15)
  5 orc knights
  A deep elf pyromancer (D:12)
  5 orc sorcerers
  A necromancer (D:15)
  A deep elf zephyrmancer (D:15)
  5 ugly things
  6 mana vipers
  2 will-o-the-wisps
  7 cyclopes
  12 salamanders
  5 manticores
  8 elephants (Lair:5)
  4 guardian serpents
  21 black mambas
  13 naga magi
  A gargoyle (D:12)
  8 cane toads
  4 rime drakes
  2 centaur skeletons (D:15)
  A torpor snail (Lair:3)
  9 komodo dragons
  A cane toad (shapeshifter) (D:15)
  A kobold demonologist (D:13)
  2 tengu conjurers
  A queen bee (Lair:1)
  6 trolls
  8 tyrant leeches
  2 bloated husks
  3 meliai (D:15)
  6 polar bears
  15 blink frogs
  15 hornets
  7 dream sheep
  12 slime creatures
  A centaur simulacrum (D:15)
  16 spriggans
  5 humans (D:15)
  3 wyverns
  A vampire (D:14)
  5 wraiths
  57 yaks
  2 hogs (D:15)
  Grum (D:8)
  A basilisk (Lair:5)
  5 vampire mosquitoes
  4 wargs
  3 acid dragons
  34 nagas
  16 swamp worms
  13 water moccasins
  10 swamp drakes
  2 ice beasts (D:7)
  A sky beast (D:6)
  25 orc warriors
  5 black bears
  15 ogres
  6 boggarts
  42 wolves
  18 centaurs
  3 kobold brigands
  2 phantoms
  A gnoll sergeant (D:9)
  7 bullfrogs
  A necrophage (D:7)
  5 scorpions
  8 wights
  49 killer bees
  6 howler monkeys
  A bullfrog zombie (D:6)
  2 jellies
  5 hounds
  2 gnoll boudas
  26 orc priests
  4 iguanas
  21 orc wizards
  A howler monkey zombie (D:6)
  Robin (D:2)
  14 gnolls
  9 adders
  3 shadow imps (D:6)
  2 white imps
  4 worms
  2 dart slugs (D:4)
  83 orcs
  9 ball pythons
  9 endoplasms
  2 giant cockroaches
  12 goblins
  9 hobgoblins
  3 jackals (D:3)
  3 quokkas
  3 bats (D:3)
  3 frilled lizards
  15 kobolds
  5 rats
960 creatures vanquished.

Vanquished Creatures (others)
  A bog body (Swamp:1)
  A swamp drake (Swamp:1)
  An orc wizard (D:7)
  23 fungi
  30 plants
56 creatures vanquished.

Grand Total: 1016 creatures vanquished

Notes
Turn   | Place    | Note
-------+----------+-------------------------------------------
     0 | D:1      | whatisthis the Troll Fighter began the quest for the Orb.
     0 | D:1      | Reached XP level 1. HP: 22/22 MP: 0/0
   145 | D:1      | Reached XP level 2. HP: 29/29 MP: 1/1
   869 | D:2      | Reached XP level 3. HP: 29/36 MP: 2/2
  1052 | D:2      | Noticed Robin
  1061 | D:2      | Killed Robin
  1062 | D:2      | Reached XP level 4. HP: 43/44 MP: 3/3
  1129 | D:2      | Found an opulent altar of Gozag.
  1440 | D:2      | Reached skill level 3 in Unarmed Combat
  2167 | D:3      | Reached XP level 5. HP: 53/53 MP: 4/4
  2346 | D:3      | Found a bloodstained altar of Trog.
  2577 | D:3      | Found an iron altar of Okawaru.
  2593 | D:3      | Became a worshipper of Warmaster Okawaru
  2772 | D:4      | Noticed a phantom
  2777 | D:4      | Killed a phantom
  2778 | D:4      | Reached XP level 6. HP: 59/61 MP: 5/5
  2991 | D:4      | Reached * piety under Okawaru
  2992 | D:4      | Reached skill level 4 in Unarmed Combat
  3043 | D:4      | Reached XP level 7. HP: 68/68 MP: 6/6
  3088 | D:4      | Found a broken altar of Ashenzari.
  3399 | D:5      | Entered Level 5 of the Dungeon
  3444 | D:5      | Found Takhlir's Hydra Hut.
  3448 | D:5      | Noticed a six-headed hydra
  3671 | D:5      | Identified the +2 plate armour of Minor Irritation {Int+4}
  3762 | D:5      | Reached ** piety under Okawaru
  3763 | D:5      | Reached skill level 5 in Shields
  3763 | D:5      | Reached skill level 5 in Unarmed Combat
  3763 | D:5      | Reached XP level 8. HP: 79/79 MP: 7/7
  4185 | D:6      | Reached skill level 5 in Fighting
  4185 | D:6      | Reached skill level 5 in Dodging
  4565 | D:6      | Reached skill level 6 in Unarmed Combat
  4675 | D:6      | Found a basalt altar of Yredelemnul.
  4783 | D:6      | Reached *** piety under Okawaru
  4832 | D:6      | Reached XP level 9. HP: 88/88 MP: 5/8
  5415 | D:7      | Reached **** piety under Okawaru
  5642 | D:7      | Found a staircase to the Ecumenical Temple.
  5648 | Temple   | Entered the Ecumenical Temple
  5648 | Temple   | Found a transporter.
  5648 | Temple   | Found a transporter.
  5741 | D:7      | Found Xymalaro's Assorted Antiques.
  5749 | D:7      | Bought a twisted silver wand for 84 gold pieces
  5749 | D:7      | Bought a glowing kite shield for 157 gold pieces
  5963 | D:8      | Reached skill level 7 in Unarmed Combat
  6026 | D:8      | Reached skill level 1 in Invocations
  6119 | D:8      | Noticed Grum
  6137 | D:7      | Reached XP level 10. HP: 59/100 MP: 3/10
  6139 | D:7      | Received a gift from Okawaru
  6237 | D:8      | Killed Grum
  6661 | D:8      | Found a staircase to the Lair.
  6698 | D:8      | Reached ***** piety under Okawaru
  6699 | D:8      | Reached skill level 8 in Unarmed Combat
  6833 | D:8      | Found a stormy altar of Qazlal.
  6932 | D:8      | Found a shimmering blue altar of Sif Muna.
  6975 | D:8      | Upgraded the game from 0.30-a0-272-gf98c3da03f to
                  | 0.30-a0-279-g4b46babb21
  7008 | D:9      | Found a shadowy altar of Dithmenos.
  7008 | D:9      | Found an ornate altar of the Wu Jian Council.
  7257 | D:9      | You fall into a shaft and drop 2 floors!
  7258 | D:11     | Noticed a skeletal warrior
  7276 | D:11     | Killed a skeletal warrior
  7277 | D:11     | Reached XP level 11. HP: 109/109 MP: 5/13
  7289 | D:11     | Noticed a skeletal warrior
  7330 | D:10     | Entered Level 10 of the Dungeon
  7330 | D:10     | Noticed a two-headed ogre
  7336 | D:10     | Killed a two-headed ogre
  7403 | D:10     | Noticed a two-headed ogre
  7415 | D:10     | Killed a two-headed ogre
  7472 | D:10     | Found an ancient bone altar of Kikubaaqudgha.
  7518 | D:10     | Found a staircase to the Orcish Mines.
  7906 | D:10     | Noticed Gastronok
  8048 | D:10     | Killed Gastronok
  8049 | D:10     | Reached skill level 9 in Unarmed Combat
  8601 | D:9      | Reached skill level 5 in Invocations
  8629 | D:9      | Noticed a boulder beetle
  8651 | D:9      | Killed a boulder beetle
  9051 | D:11     | Noticed a cyan ugly thing
  9180 | D:11     | Killed a cyan ugly thing
  9180 | D:11     | Received a gift from Okawaru
  9321 | D:11     | Killed a skeletal warrior
  9430 | D:11     | Noticed a skeletal warrior
  9446 | D:11     | Killed a skeletal warrior
  9495 | D:11     | Noticed a skeletal warrior
  9509 | D:11     | Killed a skeletal warrior
  9984 | D:11     | Reached XP level 12. HP: 99/120 MP: 12/15
 10147 | Lair:1   | Entered Level 1 of the Lair of Beasts
 10547 | Lair:1   | Reached skill level 10 in Unarmed Combat
 10917 | Lair:1   | You fall into a shaft and drop 1 floor!
 11714 | Lair:2   | Found a staircase to the Snake Pit.
 12570 | Lair:3   | Received a gift from Okawaru
 12591 | Lair:3   | Identified 2 scrolls of acquirement
 12592 | Lair:3   | Acquired an amulet of regeneration
 12601 | Lair:3   | Acquired a manual of Shields
 12627 | Lair:3   | Reached skill level 10 in Shields
 12653 | Lair:3   | Found a staircase to the Swamp.
 12822 | Lair:3   | Reached XP level 13. HP: 131/131 MP: 17/17
 13315 | Lair:3   | Reached ****** piety under Okawaru
 13392 | Lair:3   | Identified the +11 broad axe of Fimbulwinter {freeze, rF+
                  | rC- rN+ SInv}
 13514 | Lair:4   | Reached skill level 11 in Unarmed Combat
 13644 | Lair:4   | Paralysed by a hornet for 3 turns
 14313 | Lair:5   | Entered Level 5 of the Lair of Beasts
 14492 | Lair:5   | Identified the +3 spear of Grace {pain, rElec rCorr}
                  | (Okawaru gifted it to you on level 5 of the Lair of Beasts)
 14492 | Lair:5   | Received a gift from Okawaru
 14694 | Lair:5   | Noticed Sonja
 14738 | Lair:5   | Killed Sonja
 14892 | Lair:5   | Reached skill level 10 in Fighting
 14933 | Lair:5   | Reached skill level 10 in Dodging
 15217 | Lair:5   | Identified the +1 demon whip of Haokun {drain, Dex+3}
                  | (Okawaru gifted it to you on level 5 of the Lair of Beasts)
 15217 | Lair:5   | Received a gift from Okawaru
 15240 | Lair:5   | Reached XP level 14. HP: 144/144 MP: 18/18
 15248 | Lair:5   | Reached skill level 12 in Unarmed Combat
 15370 | Lair:5   | Paralysed by a hornet for 1 turns
 15460 | Lair:5   | Identified the +1 leather armour of Powerful Fun {Regen+}
 15896 | Lair:5   | Found a staircase to the Slime Pits.
 17016 | D:12     | Identified the quicksilver dragon scales of the Tired
                  | Prophets {Will+ rCorr Str+3} (Okawaru gifted it to you on
                  | level 12 of the Dungeon)
 17016 | D:12     | Received a gift from Okawaru
 17140 | D:13     | Noticed Snorg
 17155 | D:13     | Killed Snorg
 17161 | D:13     | Noticed Lodul
 17558 | D:13     | Killed Lodul
 17640 | D:13     | Found a portal to a secret trove of treasure.
 18726 | D:14     | Found a gate to the Vaults.
 18789 | D:15     | Entered Level 15 of the Dungeon
 18789 | D:15     | Found Mutediab's General Store.
 18818 | D:15     | Reached skill level 13 in Unarmed Combat
 18834 | D:15     | Bought a potion of flight for 48 gold pieces
 18847 | D:15     | Noticed Kirke
 18870 | D:15     | Killed Kirke
 19295 | D:15     | Reached XP level 15. HP: 58/154 MP: 17/19
 19443 | D:15     | Found the +8 Wrath of Trog {antimagic, *Rage Rampage}
 19909 | D:15     | Received a gift from Okawaru
 19948 | D:15     | Found a staircase to the Depths.
 20219 | Orc:1    | Entered Level 1 of the Orcish Mines
 20252 | Orc:1    | Noticed Josephine
 20266 | Orc:1    | Killed Josephine
 20303 | Orc:1    | Noticed Jorgrun
 20334 | Orc:1    | Killed Jorgrun
 20335 | Orc:1    | Reached skill level 1 in Throwing
 20440 | Orc:1    | Found Qimin's Self-Improvement Boutique.
 20557 | Orc:1    | You fall into a shaft and drop 1 floor!
 20557 | Orc:2    | Entered Level 2 of the Orcish Mines
 20659 | Orc:1    | Noticed Urug
 20676 | Orc:1    | Killed Urug
 21395 | Orc:2    | Reached skill level 15 in Shields
 21579 | Orc:2    | Found Fizinta's Armour Shoppe.
 21579 | Orc:2    | Found Tul Baxt's Assorted Antiques.
 21582 | Orc:2    | Found Niwityl's Magic Scroll Shoppe.
 21582 | Orc:2    | Found Femil's Antique Weapon Shop.
 21600 | Orc:2    | Bought a +1 cloak of stealth for 264 gold pieces
 21607 | Orc:2    | Bought a scroll of identify for 34 gold pieces
 21607 | Orc:2    | Bought a scroll of identify for 34 gold pieces
 21607 | Orc:2    | Bought a scroll of identify for 34 gold pieces
 21607 | Orc:2    | Bought a scroll of magic mapping for 127 gold pieces
 21607 | Orc:2    | Bought a scroll of magic mapping for 127 gold pieces
 21610 | Orc:2    | Bought a scroll of enchant armour for 217 gold pieces
 21662 | Orc:2    | Found a staircase to the Elven Halls.
 21906 | Orc:2    | Found Disus's General Store.
 22215 | Orc:1    | Bought a manual of Unarmed Combat for 1280 gold pieces
 22412 | Swamp:1  | Entered Level 1 of the Swamp
 22545 | Swamp:1  | Noticed Nikola
 22566 | Swamp:1  | Killed Nikola
 22567 | Swamp:1  | Reached skill level 14 in Unarmed Combat
 22628 | Swamp:1  | Noticed Roxanne
 22690 | Swamp:1  | Found a runed translucent door.
 22709 | Swamp:1  | Identified the +6 spear of Doom {vorpal, rF+ Dex+2}
 22709 | Swamp:1  | Noticed Feimod's ghost (adept SpEn)
 22967 | Swamp:1  | Noticed Donald
 22982 | Swamp:1  | Killed Donald
 24051 | Swamp:3  | Received a gift from Okawaru
 24082 | Swamp:3  | Found a runed translucent door.
 24118 | Swamp:3  | Reached XP level 16. HP: 119/165 MP: 12/20
 24234 | Swamp:3  | Noticed a tentacled monstrosity
 24243 | Swamp:3  | Killed a tentacled monstrosity
 24280 | Swamp:3  | Found a frozen archway.
 24475 | Swamp:3  | Found a shimmering altar of Xom.
 24475 | Swamp:3  | Noticed Efairey's ghost (adept DsGl)
 24475 | Swamp:3  | Identified the +9 demon trident "Lacutus" {chaos, rPois
                  | Str+4}
 24717 | Swamp:4  | Entered Level 4 of the Swamp
 24753 | Swamp:4  | Noticed Louise
 24809 | Swamp:4  | Killed Louise
 25033 | Swamp:4  | Received a gift from Okawaru
 25069 | Swamp:4  | Reached skill level 15 in Unarmed Combat
 25329 | Swamp:4  | Reached skill level 5 in Throwing
 25575 | Swamp:4  | Received a gift from Okawaru
 25740 | Swamp:4  | Paralysed by a hornet for 3 turns
 25932 | Swamp:4  | Received a gift from Okawaru
 26078 | Swamp:4  | Got a decaying rune of Zot
 26722 | Snake:1  | Entered Level 1 of the Snake Pit
 27813 | Snake:2  | Reached skill level 16 in Unarmed Combat
 27906 | Snake:2  | Received a gift from Okawaru
 27950 | Snake:2  | Found Qamme's Armour Boutique.
 27990 | Snake:2  | Found Doisent's Antique Armour Shop.
 28113 | Snake:2  | Reached XP level 17. HP: 62/175 MP: 21/21
 28227 | Snake:2  | Found a stormy altar of Qazlal.
 28699 | Snake:2  | Upgraded the game from 0.30-a0-279-g4b46babb21 to
                  | 0.30-a0-305-g026cb31310
 28978 | Snake:3  | Received a gift from Okawaru
 29437 | Snake:3  | Reached skill level 17 in Unarmed Combat
 29963 | Snake:4  | Entered Level 4 of the Snake Pit
 30448 | Snake:4  | HP: 4/267 [naga warrior/+1 vorpal dire flail (17)]
 30448 | Snake:4  | HP: 1/267 [naga warrior/+1 vorpal dire flail (3)]
 30453 | Snake:4  | HP: 6/267 [poisoned by a naga (splash of poison)]
 30453 | Snake:4  | Annihilated by a naga

Illustrated notes

Levels and vault maps discovered:
D:1:      giann_forest_graveyard, layout_loops_ring,
          nicolae_kite_square_tiling_tiny
D:2:      layout_basic, basic_altar, minmay_puff, uniq_robin
D:3:      layout_loops_ring, lemuel_coloured_pillars_altar,
          mainiacjoe_overflow_alcove_4, minmay_stone_trees_small,
          hangedman_decor_push
D:4:      layout_cave_pools, ashenzari_altar_1, st_stairs_12
D:5:      layout_cave_pools, doesnt_shop_hydraphobe
D:6:      layout_basic, lemuel_zombie_altar_yredelemnul
D:7:      layout_basic, minmay_temple_entry_enclosed_plants, serial_shops,
          nicolae_shop_stone, chequers_hall_statues_corner_a
D:8:      layout_rooms, grunt_qazlal_clouds,
          mainiacjoe_overflow_six_doors_small, erik_lair_orcish_takeover,
          dk_vineyard_2, uniq_grum
D:9:      layout_long_grid, nicolae_overflow_hidden_temple, enter_bailey_2,
          serial_glass, glass_columns_c, glass_columns_a, minivault_20
D:10:     layout_loops_corners, mainiacjoe_overflow_alcove_1, orc_0_dummy,
          hangedman_abyss_or_decor_stabs, serial_bayou_pond_c, uniq_gastronok
D:11:     layout_basic
D:12:     layout_cave_pools, grunt_ministairs_7
D:13:     layout_long_grid, nicolae_trove_entry_free_sample, uniq_snorg,
          uniq_lodul
D:14:     layout_irregular_city, david_vaults_5, kb_tengu_band
D:15:     grunt_enter_depths_magical_seal, layout_grid_maze,
          serial_bayou_pond_e, serial_shops, shop,
          minmay_guarded_unrand_wrath_of_trog, uniq_kirke
Temple:   hellmonk_temple_divided_pantheon
Lair:1:   layout_loops_ring, special_room [special_room_bee]
Lair:2:   layout_regular_city, minmay_snake_entry_guardpost_small,
          infiniplex_staircase_pool_2
Lair:3:   layout_regular_city, minmay_swamp_entry_reptiles, grunt_megastairs_1
Lair:4:   layout_roguey, chequers_serial_rivers_small_3, minivault_26
Lair:5:   minmay_lair_end_enchanted_forest, layout_cave_pods,
          dpeg_slime_entry_enclosed, dreamdust_gnoll_shepherd, uniq_sonja
Swamp:1:  layout_falls_marsh, ebering_ghost_funeral_grove,
          nicolae_swamp_big_swirl, swamp_pool1, uniq_donald, uniq_nikola,
          uniq_roxanne
Swamp:2:  layout_basic_swamp, nicolae_swamp_trees_clearing
Swamp:3:  layout_basic_swamp, portal_ice_cave_entry_dragon, ebering_ghost_xom,
          serial_swamp_ruin, evilmike_swamp_ruin_house_4,
          evilmike_swamp_ruin_rubble_1, hangedman_swamp_ruin_wall, swamp_pool3,
          infiniplex_staircase_pool
Swamp:4:  swamp_basic_johnstein, layout_basic_swamp, uniq_louise
Snake:1:  layout_onion
Snake:2:  layout_layer_cave, basic_altar, minmay_shoptagon
Snake:3:  layout_misc_corridors, nicolae_elevator_lobby_asterisk,
          grunt_megastairs_4, serial_bayou_shore_b
Snake:4:  minmay_snake_end_coiled, layout_gridlike, basic_altar, uniq_mlioglotl
Orc:1:    layout_diamond_mine, nicolae_shop_self_help, uniq_jorgrun,
          uniq_josephine, uniq_urug
Orc:2:    grunt_orc_tribal_feast, layout_caves, serial_shops, shop

Skill      XL: |  1  2  3  4  5  6  7  8  9 10 11 12 13 14 15 16 17 |
---------------+----------------------------------------------------+-----
Shields        | 3 4 5 6 7 8 9 10 12 14 15 16 | 16.4
Fighting       | 3 4 5 6 7 8 9 10 11 12 13 | 13.5
Dodging        | 3 4 5 6 7 8 9 10 11 12 13 | 13.0
Unarmed Combat | 3 4 5 6 7 8 9 10 11 13 14 16 17 | 17.4
Invocations    | 1 4 5 7 |  7.5
Throwing       | 4 6 7 |  7.8

Action                   |  1- 3 |  4- 6 |  7- 9 | 10-12 | 13-15 | 16-18 || total
-------------------------+-------+-------+-------+-------+-------+-------++-------
Melee: Unarmed           |    72 |   174 |   290 |   730 |  1311 |   622 ||  3199
Throw: Large rock        |       |       |       |     9 |   137 |   186 ||   332
       Javelin           |       |       |       |       |     2 |     8 ||    10
Invok: Heroism           |       |       |     5 |    27 |    56 |    29 ||   117
       Finesse           |       |       |     1 |    14 |    28 |    16 ||    59
Evoke: Wand              |       |       |       |       |     9 |     1 ||    10
  Use: Potion            |       |       |     1 |       |     4 |    16 ||    21
       Scroll            |       |       |     6 |    14 |    10 |     8 ||    38
 Stab: Sleeping          |     1 |     1 |       |       |       |     1 ||     3
       Distracted        |       |       |       |       |     1 |     1 ||     2
Armor: Robe              |    14 |    36 |    48 |    40 |       |       ||   138
       Acid dragon scale |       |       |       |    61 |   155 |       ||   216
       Troll leather arm |       |       |       |     9 |       |       ||     9
       Quicksilver drago |       |       |       |       |   195 |    77 ||   272
       Swamp dragon scal |       |       |       |       |       |    75 ||    75
       Skin              |       |       |       |       |       |     7 ||     7
Dodge: Dodged            |    18 |    57 |   125 |   230 |   433 |   201 ||  1064
Block: Kite shield       |    13 |    46 |   126 |   316 |   714 |   428 ||  1643

Table legend: (Time is in decaauts)
 A = Elapsed time spent in this place.
 B = Non-inter-level travel time spent in this place.
 C = Inter-level travel time spent in this place.
 D = Time resting spent in this place.
 E = Time spent auto-exploring this place.
 F = Levels seen in this place.
 G = Mean time per level.
                   A        B        C        D        E       F      G
               +--------+--------+--------+--------+--------+-----+--------+
         Total |  30132 |  28013 |   2119 |   2222 |  12949 |  31 |  972.0 |
       Dungeon |  14162 |  12976 |   1186 |   1175 |   7185 |  15 |  944.1 |
        Temple |      1 |      1 |      0 |      0 |      0 |   1 |    1.0 |
          Lair |   6080 |   5737 |    343 |    313 |   2647 |   5 | 1216.0 |
         Swamp |   4258 |   4057 |    201 |    303 |   1446 |   4 | 1064.5 |
     Snake Pit |   3707 |   3474 |    233 |    411 |   1172 |   4 |  926.8 |
  Orcish Mines |   1922 |   1767 |    155 |     20 |    498 |   2 |  961.0 |
               +--------+--------+--------+--------+--------+-----+--------+

Top non-repeatable levels by time:
 Swamp:4: 1745 daAuts
  Lair:5: 1622 daAuts
 Snake:2: 1574 daAuts
    D:10: 1447 daAuts
  Lair:1: 1277 daAuts
     D:7: 1262 daAuts
  Lair:2: 1235 daAuts
    D:15: 1228 daAuts
 Snake:3: 1151 daAuts
     D:2: 1109 daAuts
   Orc:2: 1073 daAuts
  Lair:3: 1066 daAuts
 Swamp:1: 986 daAuts
    D:13: 978 daAuts
     D:8: 959 daAuts
